 Dungeon Crawl Stone Soup version 0.18.1-8-gdd0e5ea (webtiles) character file.

1468 Kenran the Grappler (level 8, -1/80 HPs)
             Began as a Troll Monk on May 25, 2016.
             Slain by Sigmund
             ... wielding a +4 scythe of venom
              (4 damage)
             ... on level 5 of the Dungeon.
             The game lasted 00:11:41 (4848 turns).

Kenran the Grappler (Troll Monk)                    Turns: 4848, Time: 00:11:41

Health: -1/80      AC:  6    Str: 20    XL:     8   Next: 48%
Magic:  7/7        EV: 10    Int:  6    God:
Gold:   479        SH:  0    Dex: 14    Spells: 0 memorised, 7 levels left

rFire  . . .     SeeInvis .       - Unarmed
rCold  . . .     Gourm    +     a - +0 robe
rNeg   . . .     Faith    .     (no shield)
rPois  .         Spirit   .     (helmet restricted)
rElec  .         Dismiss  .     d - +0 cloak
rCorr  .         Reflect  .     (gloves unavailable)
SustAt .         Harm     .     (boots unavailable)
MR     .....                    (no amulet)
Stlth  +.........               (no ring)
                                (no ring)

@: lethally poisoned (-1 -> -6), drained, not resistant to hostile enchantments,
very unstealthy
A: unfitting armour, claws 3, fast metabolism 3, gourmand, regeneration 2,
shaggy fur 1, tough skin 2
a: no special abilities


You were on level 5 of the Dungeon.
You were not hungry.

You visited 2 branches of the dungeon, and saw 7 of its levels.

You collected 479 gold pieces.

Inventory:

Armour
 a - a +0 robe (worn)
 d - a +0 cloak (worn)
Jewellery
 v - an uncursed amulet of faith {unknown}
Wands
 l - a wand of lightning (15/15)
 w - a wand of lightning (4/15)
 x - a wand of lightning (5/15)
Scrolls
 g - a scroll of amnesia
 i - 6 scrolls of identify
 m - 2 scrolls of remove curse
 o - 3 scrolls of teleportation
Potions
 c - 2 potions of cure mutation {unknown}
 f - a potion of might {unknown}
 n - 2 potions of brilliance {unknown}
 p - a potion of heal wounds {unknown}
 q - a potion of beneficial mutation {unknown}
 r - a potion of agility {unknown}
 u - a potion of flight {unknown}
 z - a potion of degeneration {unknown}
 A - a potion of mutation {unknown}
Books
 h - a book of Burglary

   Spells                             Type                      Level
   a - Swiftness                      Charms/Air                   2
   b - Passwall                       Transmutation/Earth          2
   c - Passage of Golubria            Translocation                4
   d - Lee's Rapid Deconstruction     Earth                        5
   e - Darkness                       Hexes                        6
   f - Invisibility                   Hexes                        6
 t - a Necronomicon

   Spells                             Type                      Level
   a - Haunt                          Necromancy/Summoning         7
   b - Borgnjor's Revivification      Necromancy                   8
   c - Death's Door                   Charms/Necromancy            8
   d - Necromutation                  Transmutation/Necromancy     8
Comestibles
 b - 4 bread rations
 j - 4 beef jerkies
 k - a slice of pizza
 s - 3 fruits


   Skills:
 + Level 5.1(4.7) Fighting
 - Level 2.4(2.0) Dodging
 - Level 1.1(0.7) Stealth
 - Level 10.0(9.5) Unarmed Combat


You had 7 spell levels left.
You didn't know any spells.

Dungeon Overview and Level Annotations

Branches:
Dungeon (6/15)             Temple (1/1) D:6

Altars:
Ashenzari
Dithmenos
Fedhas
Gozag
Kikubaaqudgha
Makhleb
Nemelex Xobeh
Pakellas
Ru
Sif Muna
Yredelemnul
Zin
The Shining One

Shops:
D:5 ([   D:6 ?

Annotations:
D:5 Eustachio, Sigmund


Innate Abilities, Weirdness & Mutations

You are too large for most types of armour.
You have claws for hands.
Your metabolism is lightning-fast.
You like to eat raw meat.
You heal very quickly.
You are covered in fur (AC +1).
You have very tough skin (AC +2).


Message History

* * * LOW HITPOINT WARNING * * *
You barely miss something.
You feel sick. The adder bites you but does no damage. Something hits you.
* * * LOW HITPOINT WARNING * * *
You are more poisoned.
The giant cockroach bites you.
* * * LOW HITPOINT WARNING * * *
The adder bites you.
* * * LOW HITPOINT WARNING * * *
You are lethally poisoned!
The adder poisons you!
You closely miss the adder. You claw the adder!
You kill the adder!
* * * LOW HITPOINT WARNING * * *
You feel sick.
The giant cockroach bites you but does no damage.
You claw something!
* * * LOW HITPOINT WARNING * * *
You feel sick. Something hits you.
You die...

.........................##.._...
...........................<...##
................................#
.................................
.................................
.................................
................................)
...............†){...............
...............s@#.#.............
..............#####.###..........
..........##..# ##.#####^......
..##########.## ##.## ###.....
##.# ### ##.## ###### ### ##.#
###


You could see a giant cockroach.

Vanquished Creatures
  The ghost of euphoricsektor the Skirmisher, an amateur DrCK of Xom (D:4)
  Menkaure (D:5)
  An ice beast (D:5)
  A sky beast (D:6)
  An ogre (D:4)
  A big kobold (D:4)
  A giant frog (D:4)
  2 scorpions
  2 wights
  2 hounds (D:4)
  A giant frog zombie (D:6)
  An orc wizard (D:4)
  2 orc priests (D:4)
  3 giant frog skeletons
  An iguana (D:4)
  6 worker ants
  A howler monkey zombie (D:5)
  7 adders
  An ooze (D:4)
  An adder skeleton (D:4)
  2 worms (D:3)
  3 dart slugs
  2 giant geckos
  14 orcs
  3 ball pythons
  7 bats
  5 giant cockroaches
  6 goblins
  7 hobgoblins
  3 jackals (D:3)
  5 quokkas
  6 giant newts
  10 kobolds
  A quokka skeleton (D:5)
  7 rats
118 creatures vanquished.

Notes
Turn   | Place    | Note
--------------------------------------------------------------
     0 | D:1      | Kenran the Troll Monk began the quest for the Orb.
     0 | D:1      | Reached XP level 1. HP: 22/22 MP: 0/0
    68 | D:1      | Reached XP level 2. HP: 19/29 MP: 1/1
   776 | D:2      | Reached skill level 5 in Unarmed Combat
   776 | D:2      | Reached XP level 3. HP: 32/36 MP: 2/2
  1373 | D:3      | Reached XP level 4. HP: 44/44 MP: 3/3
  2136 | D:4      | Reached skill level 6 in Unarmed Combat
  2184 | D:4      | Reached XP level 5. HP: 47/50 MP: 4/4
  2185 | D:4      | Found a blossoming altar of Fedhas.
  2256 | D:4      | Reached skill level 7 in Unarmed Combat
  2267 | D:4      | Noticed euphoricsektor's ghost (amateur DrCK)
  2477 | D:4      | Reached XP level 6. HP: 41/59 MP: 5/5
  2778 | D:4      | Reached skill level 8 in Unarmed Combat
  3042 | D:4      | Killed euphoricsektor's ghost
  3042 | D:4      | Reached XP level 7. HP: 44/70 MP: 6/6
  3334 | D:4      | Reached skill level 5 in Fighting
  3548 | D:5      | Entered Level 5 of the Dungeon
  3548 | D:5      | Found a sparkling altar of Nemelex Xobeh.
  3583 | D:5      | Noticed Eustachio
  3670 | D:5      | Found Uzatuedi's Weapon Shoppe.
  3740 | D:5      | Found Naeluoqu's Antique Armour Boutique.
  4295 | D:5      | Reached XP level 8. HP: 63/80 MP: 7/7
  4419 | D:5      | Noticed Menkaure
  4424 | D:5      | Killed Menkaure
  4424 | D:5      | Reached skill level 9 in Unarmed Combat
  4572 | D:6      | Found Geazoo's Magic Scroll Shop.
  4572 | D:6      | Found a staircase to the Ecumenical Temple.
  4590 | Temple   | Entered the Ecumenical Temple
  4765 | D:6      | Found a shattered altar of Ashenzari.
  4792 | D:6      | Noticed Sigmund
  4836 | D:5      | Reached skill level 10 in Unarmed Combat
  4846 | D:5      | HP: 4/80 [adder (1)]
  4848 | D:5      | Slain by Sigmund

Skill      XL: |  1  2  3  4  5  6  7  8 |
---------------+-------------------------+-----
Unarmed Combat | 5 6 7 8 10 | 10.0
Fighting       | 4 5 |  5.1
Dodging        | |  2.4
Stealth        | |  1.1

Action                   |  1- 3 |  4- 6 |  7- 9 || total
-------------------------+-------+-------+-------++-------
Melee: Unarmed           |    93 |   127 |   107 ||   327
       Punch             |     1 |     1 |     4 ||     6
  Use: Scroll            |     1 |     6 |     2 ||     9
       Potion            |       |       |     4 ||     4
 Stab: Sleeping          |     4 |     3 |     2 ||     9
  Eat: Chunk             |    15 |    18 |     8 ||    41
Armor: Robe              |    44 |    46 |    47 ||   137
Dodge: Dodged            |    48 |    65 |    51 ||   164
